 Dungeon Crawl Stone Soup version 0.31-b1-22-gc680215f68 (webtiles) character file.

Game seed: 6345646334285450506

167 BigPumpCobain the Cudgeller (level 5, -1/34 HPs)
             Began as a Gargoyle Berserker on Jan 19, 2024.
             Was a Believer of Trog.
             Slain by Grinder (8 damage)
             ... on level 3 of the Dungeon.
             The game lasted 00:02:08 (1477 turns).

BigPumpCobain the Cudgeller (Gargoyle Berserker)    Turns: 1477, Time: 00:02:09

Health: -1/34      AC: 12    Str: 22    XL:     5   Next: 48%
Magic:  5/5        EV:  7    Int:  8    God:    Trog [**....]
Gold:   109        SH:  0    Dex:  9    Spells: 4/4 levels left

rFire   . . .        a - +0 mace
rCold   . . .        (no shield)
rNeg    + . .        f - +0 scale mail
rPois   ∞            (no helmet)
rElec   +            (no cloak)
rCorr   .            (no gloves)
SInv    .            e - +0 pair of boots
Will    .....        (no amulet) Stlth
                     (no ring)
HPRegen 0.25/turn    (no ring)
MPRegen 0.09/turn

%: no passive effects
@: on berserk cooldown, slowed, constricted, very slow
A: sickness immunity, AC +4, negative energy resistance 1, electricity
resistance, torment resistance 1, petrification resistance
a: Renounce Religion, Berserk, Trog's Hand


You were on level 3 of the Dungeon.
You worshipped Trog.
Trog was pleased with you.
You visited 1 branch of the dungeon, and saw 3 of its levels.

You collected 109 gold pieces.

Inventory:

Hand Weapons
 a - a +0 mace (weapon)
Armour
 e - a +0 pair of boots (worn)
 f - a +0 scale mail (worn)
Jewellery
 h - a +4 ring of protection
Scrolls
 c - a scroll of amnesia {unknown}
 g - a scroll of teleportation {unknown}
 i - 2 scrolls of fear {unknown}
 k - a scroll of blinking {unknown}
Potions
 b - 2 potions of berserk rage {unknown}
 d - a potion of brilliance {unknown}
 j - a potion of enlightenment {unknown}


   Skills:
 + Level 4.3 Fighting
 * Level 4.7 Maces & Flails
 + Level 3.5 Armour
 - Level 1.5 Dodging


You had 4 spell levels left.
You didn't know any spells.
Your spell library was empty.

Dungeon Overview and Level Annotations

Branches:
Dungeon (3/15)

Altars:

Annotations:
D:3 Grinder


Innate Abilities, Weirdness & Mutations

You are immune to sickness and miasma.
Your stone body is resilient. (AC +4)
You are immune to poison.
You resist negative energy. (rN+)
You are resistant to electric shocks. (rElec)
You are resistant to unholy torment.
You are immune to petrification.


Message History

The ball python constricts you. Grinder hits you but does no damage.
The kobold hits you but does no damage. The ball python closely misses you.
The ball python constricts you.
Grinder blinks!
The kobold hits you but does no damage.
You escape the ball python's grasp.
The ball python bites you but does no damage.
The ball python barely misses you. Grinder gestures at you.
Pain shoots through your body! The kobold hits you but does no damage.
Found a trident.
The ball python attacks as it pursues you!
The ball python barely misses you. The ball python grabs you.
The ball python constricts you. The kobold hits you with a +0 club.
The ball python bites you. The ball python constricts you.
The kobold hits you but does no damage.
You escape the ball python's grasp.
Found a short sword.
Grinder hits you.
You writhe in agony.
The kobold attacks as it pursues you! The kobold hits you but does no damage.
You hit Grinder.
Grinder is lightly wounded.
The ball python bites you but does no damage.
The ball python closely misses you. Grinder hits you.
* * * LOW HITPOINT WARNING * * *
The kobold hits you but does no damage. The ball python bites you.
* * * LOW HITPOINT WARNING * * *
The ball python barely misses you. Grinder hits you but does no damage.
The kobold hits you but does no damage.
You sock Grinder!
Grinder is heavily wounded.
The ball python bites you but does no damage.
The ball python misses you. The ball python barely misses you.
The ball python grabs you. The ball python constricts you.
Grinder gestures at you. You resist with significant effort.
The kobold hits you but does no damage.
You sock Grinder!
Grinder is severely wounded.
The ball python closely misses you. The ball python constricts you.
Grinder hits you!
You die...
Grinder says, "Now the real fun starts!"

♣P. ### .............♣P
♣.####.. ..............♣
#...... ..............
#...... ..........#.####
#......
...............####..###
.........(.....##...##
))......K......##.###
......5@S........>#
...............##.#
..........#######.#
########### #.# #.# #.#
#.# #.#


You could see Grinder, a ball python and a kobold.

Vanquished Creatures
  An ice beast (D:3)
  2 adders (D:2)
  2 ribbon worms (D:2)
  A dart slug (D:1)
  6 bats
  An endoplasm (D:1)
  A giant cockroach (D:2)
  A goblin (D:2)
  8 hobgoblins
  6 jackals
  A quokka (D:1)
  4 ball pythons (D:1)
  6 frilled lizards
  4 kobolds
  5 rats
49 creatures vanquished.

Notes
Turn   | Place    | Note
-------+----------+-------------------------------------------
     0 | D:1      | BigPumpCobain the Gargoyle Berserker began the quest for
                  | the Orb.
     0 | D:1      | Reached XP level 1. HP: 14/14 MP: 1/1
   115 | D:1      | Reached XP level 2. HP: 15/19 MP: 2/2
   397 | D:1      | Reached ** piety under Trog
   398 | D:1      | Reached XP level 3. HP: 23/23 MP: 3/3
   978 | D:2      | Reached XP level 4. HP: 24/29 MP: 4/4
  1321 | D:3      | Noticed an ice beast
  1336 | D:3      | Killed an ice beast
  1337 | D:3      | Reached XP level 5. HP: 18/34 MP: 5/5
  1460 | D:3      | Noticed Grinder
  1477 | D:3      | Slain by Grinder

Illustrated notes

Levels and vault maps discovered:
D:1:      ncdulo_halloftheorcs, layout_rooms, minmay_strange_pillars,
          kennysheep_another_room
D:2:      minmay_spotlight, layout_loops_ring, serial_rivers,
          chequers_serial_rivers_micro_a, chequers_serial_rivers_micro_b,
          chequers_serial_rivers_micro_e, chequers_serial_rivers_micro_b,
          chequers_serial_rivers_micro_d, chequers_serial_rivers_room_a
D:3:      layout_basic, mainiacjoe_overflow_concentric_impassable,
          ebering_ecumenical_altar_petrified, minmay_mini_jars, uniq_terence,
          uniq_ijyb, uniq_grinder

Skill      XL: |  1  2  3  4 |
---------------+-------------+-----
Maces & Flails | 4 |  4.7
Armour         | 3 |  3.5
Fighting       | 4 |  4.3
Dodging        | |  1.5

Action                     |  1- 3 |  4- 6 || total
---------------------------+-------+-------++-------
  Melee: Mace              |   131 |    42 ||   173
 Invoke: Berserk           |       |     2 ||     2
 Armour: Animal skin       |    11 |       ||    11
         Ring mail         |    42 |       ||    42
         Scale mail        |    46 |    51 ||    97
  Dodge: Dodged            |    87 |    33 ||   120
